 Dungeon Crawl Stone Soup version 0.31-a0-358-gac0dbeb3ab (webtiles) character file.

Game seed: 2846341959094586797

389782 cforsyth the Unforgettable (level 23, -2/164 HPs)
             Began as a Gnoll Artificer on July 25, 2023.
             Was the Champion of Hepliaklqana.
             Killed from afar by a starcursed mass (9 damage)
             ... with an accursed screaming
             ... on level 4 of the Abyss.
             The game lasted 02:47:20 (75894 turns).

cforsyth the Unforgettable (Gnoll Artificer)       Turns: 75894, Time: 02:47:20

Health: -2/164     AC: 24    Str: 18    XL:     23   Next: 7%
Magic:  16/51      EV: 13    Int: 31    God:    Hepliaklqana [******]
Gold:   2452       SH: 20    Dex: 12    Spells: 16/53 levels left

rFire   + . .        R - +2 demon whip (freeze)
rCold   + + .        r - +2 kite shield {rC+}
rNeg    + + +        W - +5 chain mail of Uciggurr {rN+++ Int+5}
rPois   .            Y - +1 helmet of the Devil's Advocate {Slay+2}
rElec   +            F - +0 cloak
rCorr   +            g - +2 pair of gloves
SInv    +            V - +0 pair of boots "Fiucef" {Str-2 Int+6 SInv}
Will    +....        a - amulet of reflection
Stlth   +++          P - ring of Jefaghit {rElec rF+ rCorr Str+6}
HPRegen 0.47/turn    T - ring of Welo {rF+ rC+ MP+9}
MPRegen 0.32/turn

%: reflection
@: about to teleport, on berserk cooldown, hasted, unable to drink, very quick
A: reduced essence, fangs 1, strong nose, distributed training, heat
vulnerability 1, [deformed body], [inability to drink after injury 2]
}: 2/15 runes: decaying, serpentine
a: Renounce Religion, Recall Ancestor, Ancestor Identity, Transference, Idealise


You were on level 4 of the Abyss.
You worshipped Hepliaklqana.
Hepliaklqana was exalted by your worship.
You visited 8 branches of the dungeon, and saw 39 of its levels.
You visited the Abyss 4 times.
You also visited: Sewer, Gauntlet and Ice Cave.

You collected 4274 gold pieces.
You spent 1822 gold pieces at shops.

Inventory:

Hand Weapons
 i - the +8 hand axe of Haqeygg {heavy, Will+++ Str-4}
   (You found it on level 2 of the Swamp)

   Str:       It affects your strength (-4).
   Will:      It greatly increases your willpower.
 p - the +4 dagger of the Bespelling Fox {flame, MP+9 Int+3 Dex+3}
   (You found it on level 4 of the Snake Pit)

   Int:       It affects your intelligence (+3).
   Dex:       It affects your dexterity (+3).
   MP:        It affects your magic capacity (+9).
 R - a +2 demon whip of freezing (weapon)
Missiles
 w - 12 atropa-tipped darts
 X - 4 silver javelins
Armour
 g - a +2 pair of gloves (worn)
 r - a +2 kite shield of cold resistance (worn)
 F - a +0 cloak (worn)
 V - the +0 pair of boots "Fiucef" (worn) {Str-2 Int+6 SInv}
   (You found it in a Gauntlet)

   Str:       It affects your strength (-2).
   Int:       It affects your intelligence (+6).
   SInv:      It lets you see invisible.
 W - the +5 chain mail of Uciggurr (worn) {rN+++ Int+5}
   (You found it in a Gauntlet)

   Int:       It affects your intelligence (+5).
   rN:        It renders you almost immune to negative energy.
 Y - the +1 helmet of the Devil's Advocate (worn) {Slay+2}
   (You found it in a Gauntlet)

   Slay:      It affects your accuracy & damage with ranged weapons and melee
   (+2).
Jewellery
 a - an amulet of reflection (around neck)
 c - a ring of willpower
 q - the macabre finger necklace {Finger+ rN+}
   (You took it off an ironbound preserver on level 2 of the Vaults)

   [amulet of nothing]

   Finger+:   It enables you to equip an extra ring.
   rN:        It protects you from negative energy.
 x - a ring of flight
 M - the ring "Wuheyvy" {Wiz rN++}
   (You found it on level 4 of the Vaults)

   [ring of wizardry]

   It improves your spell success rate.
   rN:        It greatly protects you from negative energy.
 P - the ring of Jefaghit (left hand) {rElec rF+ rCorr Str+6}
   (You bought it in a shop on level 3 of the Snake Pit)

   [ring of protection from fire]

   Str:       It affects your strength (+6).
   rF:        It protects you from fire.
   rElec:     It insulates you from electricity.
   rCorr:     It protects you from acid and corrosion.
 T - the ring of Welo (right hand) {rF+ rC+ MP+9}
   (You found it in a Gauntlet)

   [ring of magical power]

   rF:        It protects you from fire.
   rC:        It protects you from cold.
   MP:        It affects your magic capacity (+9).
Wands
 d - a wand of charming (45)
 e - a wand of iceblast (1)
 E - a wand of mindburst (26)
 H - a wand of acid (47)
 J - a wand of digging (5)
 L - a wand of polymorph (12)
 O - a wand of roots (21)
Scrolls
 j - 10 scrolls of fog
 k - a scroll of acquirement
 l - 7 scrolls of immolation
 s - 6 scrolls of enchant weapon
 t - 2 scrolls of fear
 u - 14 scrolls of teleportation
 v - 4 scrolls of blinking
 B - 2 scrolls of silence
 N - 2 scrolls of summoning
 U - 3 scrolls of revelation
Potions
 f - 2 potions of enlightenment
 h - 2 potions of berserk rage
 m - a potion of invisibility
 n - 5 potions of mutation
 o - 5 potions of ambrosia
 y - 2 potions of brilliance
 z - 5 potions of might
 A - 3 potions of lignification
 C - 5 potions of attraction
 D - a potion of curing
 G - a potion of magic
 I - 5 potions of resistance
 K - a potion of cancellation
 Z - a potion of haste
Miscellaneous
 b - a lightning rod (4/4)
 Q - a sack of spiders
 S - a phantom mirror


   Skills:
 + Level 15.9 Fighting
 + Level 15.7 Short Blades
 + Level 15.7 Long Blades
 + Level 15.7 Axes
 + Level 15.7 Maces & Flails
 + Level 15.7 Polearms
 + Level 15.7 Staves
 + Level 15.7 Ranged Weapons
 + Level 15.7 Throwing
 + Level 16.3 Armour
 + Level 15.9 Dodging
 + Level 15.9 Stealth
 + Level 15.7 Shields
 + Level 15.7 Unarmed Combat
 + Level 15.7 Spellcasting
 + Level 13.3 Conjurations
 + Level 13.3 Hexes
 + Level 13.3 Summonings
 + Level 13.3 Necromancy
 + Level 13.3 Translocations
 + Level 13.3 Transmutations
 + Level 13.3 Fire Magic
 + Level 13.3 Ice Magic
 + Level 13.3 Air Magic
 + Level 13.3 Earth Magic
 + Level 13.3 Poison Magic
 + Level 17.0 Invocations
 + Level 16.9 Evocations
 + Level 13.3 Shapeshifting


You had 16 spell levels left.
You knew the following spells:

 Your Spells              Type           Power      Damage    Failure   Level
a - Blink                 Tloc           100%       N/A       1%          2
b - Sandblast             Erth           100%       2d20      1%          1
c - Summon Ice Beast      Ice/Summ       82%        N/A       1%          4
d - Yara's Violent Unrav  Hex/Tmut       41%        3d16      1%          5
e - Plasma Beam           Fire/Air       41%        2x1d55    9%          6
f - Freezing Cloud        Conj/Ice/Air   41%        6-21      1%          5
g - Iskenderun's Mystic   Conj/Tloc      82%        2d16      1%          4
h - Borgnjor's Vile Clut  Necr/Erth      41%        N/A       1%          5
i - Metabolic Englaciati  Hex/Ice        41%        N/A       1%          5

Your spell library contained the following spells:

 Spells                   Type           Power      Damage    Failure   Level
 Apportation              Tloc           100%       N/A       1%          1
 Freeze                   Ice            100%       1d10      1%          1
 Kiss of Death            Conj/Necr      100%       2d13      1%          1
 Magic Dart               Conj           100%       1d8       1%          1
 Sting                    Tmut/Pois      100%       1d8       1%          1
 Cigotuvi's Dreadful Rot  Necr/Pois/Air  100%       N/A       1%          2
 Lesser Beckoning         Tloc           100%       N/A       1%          2
 Passwall                 Tmut/Erth      68%        N/A       1%          2
 Poisonous Vapours        Pois/Air       100%       N/A       1%          2
 Searing Ray              Conj           100%       2d8       1%          2
 Wereblood                Tmut           82%        N/A       1%          2
 Call Canine Familiar     Summ           82%        N/A       1%          3
 Confusing Touch          Hex            82%        N/A       1%          3
 Dazzling Flash           Conj/Hex       100%       N/A       1%          3
 Frozen Ramparts          Ice            100%       1d16      1%          3
 Gell's Gravitas          Tloc           82%        N/A       1%          3
 Hailstorm                Conj/Ice       82%        3d17      1%          3
 Inner Flame              Hex/Fire       82%        N/A       1%          3
 Mephitic Cloud           Conj/Pois/Air  82%        N/A       1%          3
 Ozocubu's Armour         Ice            82%        N/A       1%          3
 Stone Arrow              Conj/Erth      100%       3d13      1%          3
 Swiftness                Air            82%        N/A       1%          3
 Teleport Other           Tloc           82%        N/A       1%          3
 Vhi's Electric Charge    Tloc/Air       100%       N/A       1%          3
 Volatile Blastmotes      Fire/Tloc      100%       2d18      1%          3
 Animate Armour           Summ/Erth      100%       N/A       1%          4
 Cause Fear               Hex            41%        N/A       1%          4
 Dispel Undead            Necr           82%        3d27      1%          4
 Fulminant Prism          Conj/Hex       41%        3d19      1%          4
 Olgreb's Toxic Radiance  Pois           82%        N/A       1%          4
 Petrify                  Tmut/Erth      82%        N/A       1%          4
 Summon Lightning Spire   Summ/Air       82%        N/A       1%          4
 Agony                    Necr           82%        N/A       1%          5
 Alistair's Intoxication  Tmut/Pois      54%        N/A       1%          5
 Arcjolt                  Conj/Air       41%        1d51      1%          5
 Fireball                 Conj/Fire      41%        3d17      1%          5
 Irradiate                Conj/Tmut      41%        3d25      1%          5
 Lee's Rapid Deconstruct  Erth           41%        3d20*     1%          5
 Silence                  Hex/Air        41%        N/A       1%          5
 Dispersal                Tloc           41%        N/A       9%          6
 Eringya's Noxious Bog    Tmut/Pois      41%        4d6       9%          6
 Simulacrum               Ice/Necr       41%        N/A       9%          6
 Enfeeble                 Hex            41%        N/A       43%         7
 Ozocubu's Refrigeration  Ice            41%        4d16      43%         7
 Summon Hydra             Summ           41%        N/A       43%         7
 Disjunction              Tloc           41%        N/A       98%         8
 Dragon's Call            Summ           41%        N/A       100%        9
 Fire Storm               Conj/Fire      41%        8d10      100%        9
 Polar Vortex             Ice            41%        12d5*     100%        9


Dungeon Overview and Level Annotations

Branches:
Dungeon (15/15)            Temple (1/1) D:4            Lair (5/5) D:9
  Swamp (4/4) Lair:2        Snake (4/4) Lair:2        Slime (0/5) Lair:4
    Orc (2/2) D:10            Elf (3/3) Orc:2        Vaults (5/5) D:14
  Crypt (0/3) Vaults:2     Depths (0/4) D:15          Sewer (visited)
  IceCv (visited)         Gauntlet (visited)

Altars:
Ashenzari
Cheibriados
Dithmenos
Elyvilon
Fedhas
Gozag
Hepliaklqana
Kikubaaqudgha
Makhleb
Nemelex Xobeh
Okawaru
Qazlal
Ru
Sif Muna
Trog
Uskayaw
Vehumet
Wu Jian
Xom
Yredelemnul
Zin
The Shining One
Jiyva

Shops:
D:2 [   D:5 (   D:7 [   D:12 *   Orc:2 =?*[??*(   Elf:1 (*:[*   Elf:2 ?[==
Snake:3 =::   Snake:4 :   Vaults:2 [


Innate Abilities, Weirdness & Mutations

Your life essence is reduced to manifest your ancestor. (-10% HP)
You have very sharp teeth.
Your uncanny sense of smell can sniff out nearby items.
Your experience applies equally to all skills.
You are vulnerable to heat. (rF-)
[Armour fits poorly on your strangely shaped body.]
[You sometimes lose the ability to drink potions when taking damage.]


Message History

Unknown command.
You closely miss the thrashing horror.
The smoke demon roars!
Your bite misses the thrashing horror.
The thrashing horror is moderately damaged.
You block the thrashing horror's attack.
The thrashing horror tramples you but does no damage.
You whack the thrashing horror! You freeze the thrashing horror.
The thrashing horror is heavily damaged.
The thrashing horror barely misses you.
You block the thrashing horror's attack.
You block the starcursed mass's attack.
You whack the thrashing horror! You freeze the thrashing horror.
The thrashing horror is severely damaged.
The thrashing horror tramples you but does no damage.
You block the thrashing horror's attack.
You whack the thrashing horror! You freeze the thrashing horror.
The thrashing horror is almost destroyed.
You block the thrashing horror's attack.
The thrashing horror tramples you but does no damage.
The ancient lich casts a spell.
The ancient lich flickers and vanishes for a moment.
You barely miss the thrashing horror.
The thrashing horror is almost destroyed.
The thrashing horror churns violently!
The thrashing horror seems to grow stronger.
The starcursed mass touches you!
* * * LOW HITPOINT WARNING * * *
You feel better.
You block the thrashing horror's attack. x2
A chorus of shrieks assaults your mind.
You feel threatened and lose the ability to drink potions!
* * * LOW HITPOINT WARNING * * *
Blink to where?
Press: ? - help, Dir - move target A large abomination and a wretched star come into view.
As you read the scroll of blinking, it crumbles to dust.
The thrashing horror roars!
A chorus of shrieks assaults your mind.
You die...

.. .3##..#X§§# . .
.⌠..z.⌠X #.#X#X###X
.#. ...X. #.#X #
§XX#.###..
≈≈3..##.#.X§§LX§#..#§.
≈8≈.##... ##§§§X#...#
# ####.#..#.#§§X#..#
#. .## #.......# ...
##.... #.## # #....
#@.# # . .## .
#..*...... ##
###.#........
#....#.#.#.# #..
..#####§. .#..###. #..
. .. . #. ... #


You could see 3 starcursed masses, an ancient lich (fast, invisible), a wretched
star, 3 thrashing horrors and a large abomination.

Vanquished Creatures
  Vashnia (Snake:4)
  Bai Suzhen (Swamp:3)
  A deep elf blademaster (Elf:2)
  A sphinx (Vaults:3)
  4 tentacled starspawn
  An Executioner (Abyss:2)
  Kirke (Swamp:1)
  3 thorn hunters (Swamp:4)
  A nagaraja (Snake:4)
  Donald (Swamp:3)
  7 vault wardens
  A deep elf sorcerer (Elf:1)
  3 deep elf elementalists (Elf:3)
  A quicksilver ooze (Vaults:4)
  8 ironbound preservers
  2 formless jellyfish (Vaults:3)
  A vampire knight (Swamp:4)
  A stone giant (Vaults:4)
  6 ironbound thunderhulks
  5 eleionomae
  2 deep elf demonologists
  A minotaur (Gauntlet)
  8 dire elephants
  A bunyip (Swamp:3)
  A purple draconian (Abyss:2)
  A deep elf annihilator (Elf:3)
  Snorg (Lair:4)
  3 deep elf death magi
  3 ettins
  5 yaktaur captains
  3 great orbs of eyes
  Josephine (D:12)
  2 deep elf high priests (Elf:3)
  2 shambling mangroves (Swamp:4)
  2 vault guards (D:14)
  9 hydras
  3 salamander tyrants (Snake:3)
  5 centaur warriors
  4 ironbound frosthearts
  7 two-headed ogres
  6 alligators
  3 anacondas
  12 dancing weapons
  A catoblepas (Lair:5)
  2 death yaks
  A deep troll shaman (Lair:5)
  A boulder beetle (D:15)
  6 naga warriors
  5 naga sharpshooters
  A tengu warrior (D:15)
  A thrashing horror (Abyss:2)
  A shock serpent (Snake:2)
  Urug (Lair:3)
  2 skysharks
  Amaemon (Lair:3)
  A sixfirhy (Abyss:2)
  2 wretched stars
  11 deep elf knights
  5 skeletal warriors (Vaults:2)
  3 goliath frogs
  24 deep trolls
  4 salamander mystics
  A flayed ghost (Swamp:4)
  2 spectral hydras (Swamp:4)
  2 swamp dragons
  3 bog bodies
  3 spriggan druids
  21 slime creatures
  5 ironbound convokers
  2 glowing orange brains
  8 mana vipers
  2 naga ritualists
  6 deep elf archers
  11 deep elf pyromancers
  12 lindwurms
  A necromancer (Abyss:3)
  An orc knight (Orc:1)
  3 wizards
  13 deep elf zephyrmancers
  An orc sorcerer (D:15)
  4 harpies (Vaults:1)
  9 ugly things
  4 oklob plants
  2 tengu skeletons (Vaults:2)
  A manticore (shapeshifter) (Vaults:3)
  5 cyclopes
  2 manticores
  11 salamanders
  2 will-o-the-wisps (Swamp:1)
  2 guardian serpents
  A worldbinder (Abyss:2)
  3 human skeletons (Vaults:2)
  23 black mambas
  10 naga magi
  10 vault sentinels
  4 elephants
  5 cane toads
  A gargoyle (D:13)
  4 komodo dragons
  An efreet (D:14)
  Maggie (D:6)
  2 rime drakes (Lair:3)
  27 yaktaurs
  2 tengu conjurers
  An unseen horror (D:13)
  2 yaktaur skeletons (Vaults:2)
  An anaconda simulacrum (Abyss:2)
  2 freezing wraiths
  2 hydra zombies (Swamp:4)
  6 polar bears (IceCv)
  6 trolls
  3 hornets
  2 meliai (Gauntlet)
  2 tyrant leeches (Swamp:3)
  11 blink frogs
  5 raiju
  A death drake skeleton (Swamp:4)
  A flying skull (Abyss:2)
  6 spriggans
  4 air elementals
  A battlemage (Vaults:2)
  A wraith (D:14)
  5 wyverns
  A water elemental (Elf:3)
  34 yaks
  A chaos spawn (Abyss:3)
  3 vampire mosquitoes (D:12)
  3 humans (D:14)
  Grum (D:8)
  5 small abominations
  2 redbacks (Vaults:4)
  25 nagas
  3 wargs
  2 large abominations
  7 swamp worms
  A hell hound (Abyss:3)
  7 water moccasins
  Duvessa (D:6)
  A swamp drake (Swamp:4)
  An ice beast (D:6)
  A glowing shapeshifter skeleton (Vaults:2)
  Pargi (Sewer)
  2 hydra simulacra (Swamp:4)
  10 orc warriors
  A sky beast (Abyss:2)
  4 black bears
  32 wolves
  16 ogres
  A swamp dragon skeleton (Swamp:4)
  7 starcursed masses
  2 centaurs
  A kobold brigand (D:9)
  12 bullfrogs
  A gnoll sergeant (D:10)
  3 scorpions
  An earth elemental (Elf:2)
  5 wights (Abyss:2)
  Dowan (D:6)
  9 killer bees
  3 howler monkeys
  3 electric eels
  A nameless horror (Snake:1)
  2 crimson imps
  3 hounds
  A wyvern simulacrum (D:9)
  8 orc priests
  2 jellies
  3 sleepcaps
  5 iguanas
  17 orc wizards
  4 gnolls
  3 adders
  A white imp (D:6)
  2 ufetubi
  A worm (D:5)
  2 dart slugs
  48 orcs
  9 endoplasms
  5 giant cockroaches
  8 hobgoblins
  4 jackals
  4 quokkas
  12 ball pythons
  8 bats
  3 frilled lizards
  6 goblins
  8 kobolds
  8 rats
  A starspawn tentacle (Abyss:3)
896 creatures vanquished.

Vanquished Creatures (collateral kills)
  A bone dragon (Abyss:2)
  Zenata (Elf:1)
  A quicksilver dragon (Vaults:3)
  A deep elf blademaster (Elf:3)
  A deep elf master archer (Elf:3)
  2 tentacled starspawn (Abyss:2)
  3 sphinxes
  Gastronok (Lair:3)
  A thorn hunter (Swamp:4)
  Aizul (Snake:3)
  2 nagarajas (Snake:4)
  5 vault wardens
  4 deep elf sorcerers (Elf:3)
  An orc warlord (Vaults:1)
  2 war gargoyles (Vaults:4)
  4 deep elf elementalists (Elf:3)
  5 ironbound preservers
  A vampire knight (Swamp:4)
  5 ironbound thunderhulks
  A very ugly thing (Abyss:4)
  A formless jellyfish (Vaults:2)
  3 deep elf annihilators (Elf:3)
  2 deep elf demonologists (Elf:3)
  The ghost of Unforgiven the Blocker, a journeyman DgFi (Lair:3)
  3 eleionomae
  12 dire elephants
  2 deep elf death magi (Elf:3)
  An entropy weaver (Vaults:4)
  5 deep elf high priests
  A shambling mangrove (Swamp:4)
  4 yaktaur captains (Vaults:3)
  3 great orbs of eyes
  2 ogre magi (Orc:2)
  3 vault guards (D:14)
  The ghost of Udghoil the Skirmisher, a journeyman SpHu of Fedhas (Lair:4)
  2 peacekeepers (Vaults:4)
  4 hydras
  5 ironbound frosthearts
  A ghost crab (Swamp:3)
  5 centaur warriors
  6 anacondas
  A catoblepas (Lair:5)
  2 boulder beetles (D:14)
  10 alligators
  4 death yaks (Lair:5)
  16 dancing weapons
  6 two-headed ogres
  3 tengu warriors (D:15)
  10 naga warriors
  A spriggan berserker (Lair:3)
  A thrashing horror (Abyss:2)
  An orc high priest (Orc:1)
  4 naga sharpshooters
  A shock serpent (Snake:3)
  Sonja (Lair:4)
  8 deep elf knights
  A fire crab (shapeshifter) (D:13)
  2 salamander mystics (Snake:4)
  A flayed ghost (Swamp:4)
  4 goliath frogs
  2 skeletal warriors (Vaults:2)
  17 deep trolls
  2 spriggan druids
  A sixfirhy (Abyss:2)
  10 naga ritualists
  4 ironbound convokers
  A spectral hydra (Swamp:4)
  2 bog bodies
  9 lindwurms
  6 wizards
  3 glowing orange brains
  Pikel (D:7)
  5 harpies (Vaults:1)
  A lindwurm (shapeshifter) (Elf:1)
  10 deep elf archers
  16 deep elf pyromancers
  2 phantasmal warriors (Swamp:4)
  14 deep elf zephyrmancers
  4 mana vipers
  4 orc knights
  10 salamanders
  2 will-o-the-wisps
  A moth of wrath (Lair:3)
  6 cyclopes
  2 oklob plants
  A manticore (D:12)
  5 large abominations
  14 ugly things
  An ice statue (IceCv)
  12 black mambas
  6 guardian serpents
  11 slime creatures
  7 vault sentinels
  A gargoyle (D:12)
  Joseph (D:8)
  12 elephants
  8 naga magi
  5 cane toads
  2 elf skeletons (Vaults:2)
  A rime drake (Lair:3)
  An orange demon (Lair:3)
  A centaur skeleton (Abyss:3)
  5 komodo dragons
  An unseen horror (D:11)
  An efreet (D:13)
  2 freezing wraiths
  3 tengu conjurers
  18 yaktaurs
  A harpy zombie (Abyss:2)
  An ancient zyme (Abyss:4)
  A hornet (shapeshifter) (D:14)
  3 polar bears
  8 hornets
  4 trolls
  A tyrant leech (Swamp:1)
  2 death drake skeletons (Swamp:4)
  4 raiju
  5 dream sheep (Lair:4)
  13 blink frogs
  A shadow (D:12)
  4 wyverns
  A ynoxinul (Abyss:2)
  4 spriggans
  4 flying skulls (Abyss:2)
  2 humans (D:14)
  6 wraiths
  20 yaks
  2 vampires (D:10)
  3 neqoxecs
  A steam dragon (D:10)
  A hog (Swamp:1)
  5 basilisks
  A chaos spawn (Abyss:4)
  22 nagas
  7 swamp worms
  An acid dragon (D:13)
  3 water moccasins
  A glowing shapeshifter skeleton (Vaults:2)
  2 hell hounds (Abyss:3)
  A hydra simulacrum (Swamp:4)
  5 swamp drakes
  2 black bears
  14 orc warriors
  3 ice beasts
  5 ogres
  17 wolves
  A kobold brigand (D:11)
  8 bullfrogs
  3 earth elementals
  A scorpion (D:7)
  9 wights
  4 killer bees (D:8)
  3 electric eels
  2 jellies
  A quasit (Abyss:3)
  7 orc priests
  A gnoll bouda (D:7)
  A hound (D:7)
  An iron imp (Abyss:2)
  A sleepcap (D:8)
  4 starcursed masses
  18 orc wizards
  7 gnolls
  A white imp (D:7)
  30 orcs
  7 kobolds
  3 butterflies (Lair:2)
  2 starspawn tentacles (Abyss:2)
737 creatures vanquished.

Vanquished Creatures (others)
  An ironbound preserver (Vaults:3)
  A deep elf zephyrmancer (Elf:1)
  A deep elf pyromancer (Elf:2)
  A meliai (Gauntlet)
  3 bloated husks
  3 humans
  A vampire mosquito (D:9)
  A swamp worm (Swamp:2)
  77 battlemagi
  An ancestor (D:6)
  6 foxfires
  A lurking horror (Abyss:3)
  10 starspawn tentacles
107 creatures vanquished.

Grand Total: 1740 creatures vanquished

Notes
Turn   | Place    | Note
-------+----------+-------------------------------------------
     0 | D:1      | cforsyth the Gnoll Artificer began the quest for the Orb.
     0 | D:1      | Reached XP level 1. HP: 17/17 MP: 1/1
   116 | D:1      | Reached XP level 2. HP: 23/23 MP: 2/2
   611 | D:1      | Reached XP level 3. HP: 28/28 MP: 3/3
   687 | D:2      | Found Tielu's Armour Shoppe.
   828 | D:2      | Reached skill level 1 in Invocations
   966 | D:2      | Reached skill level 1 in Short Blades
   966 | D:2      | Reached skill level 1 in Long Blades
   966 | D:2      | Reached skill level 1 in Axes
   966 | D:2      | Reached skill level 1 in Maces & Flails
   966 | D:2      | Reached skill level 1 in Polearms
   966 | D:2      | Reached skill level 1 in Staves
   966 | D:2      | Reached skill level 1 in Ranged Weapons
   966 | D:2      | Reached skill level 1 in Throwing
   966 | D:2      | Reached skill level 1 in Shields
   966 | D:2      | Reached skill level 1 in Unarmed Combat
   966 | D:2      | Reached skill level 1 in Spellcasting
  1282 | D:2      | Reached XP level 4. HP: 34/34 MP: 5/5
  1505 | D:3      | Found a glowing drain.
  1533 | Sewer    | Entered a sewer
  1586 | Sewer    | Noticed Pargi
  1595 | Sewer    | Killed Pargi
  1596 | Sewer    | Reached skill level 1 in Conjurations
  1596 | Sewer    | Reached skill level 1 in Hexes
  1596 | Sewer    | Reached skill level 1 in Summonings
  1596 | Sewer    | Reached skill level 1 in Necromancy
  1596 | Sewer    | Reached skill level 1 in Translocations
  1596 | Sewer    | Reached skill level 1 in Transmutations
  1596 | Sewer    | Reached skill level 1 in Fire Magic
  1596 | Sewer    | Reached skill level 1 in Ice Magic
  1596 | Sewer    | Reached skill level 1 in Air Magic
  1596 | Sewer    | Reached skill level 1 in Earth Magic
  1596 | Sewer    | Reached skill level 1 in Poison Magic
  1596 | Sewer    | Reached skill level 1 in Shapeshifting
  1596 | Sewer    | Reached XP level 5. HP: 30/41 MP: 5/7
  2789 | D:4      | Found a staircase to the Ecumenical Temple.
  2809 | D:4      | Reached skill level 2 in Invocations
  2809 | D:4      | Reached XP level 6. HP: 32/47 MP: 8/8
  2813 | Temple   | Entered the Ecumenical Temple
  2878 | Temple   | Became a worshipper of Hepliaklqana the Forgotten
  3244 | D:4      | Reached skill level 5 in Armour
  3281 | D:4      | Found a stormy altar of Qazlal.
  3281 | D:4      | Found a broken altar of Ashenzari.
  3281 | D:4      | Found a blossoming altar of Fedhas.
  3281 | D:4      | Found a basalt altar of Yredelemnul.
  3451 | D:4      | Found a glowing silver altar of Zin.
  3451 | D:4      | Found a shadowy altar of Dithmenos.
  3545 | D:4      | Reached XP level 7. HP: 25/52 MP: 10/10
  3826 | D:5      | Entered Level 5 of the Dungeon
  4044 | D:5      | Found Luasy's Weapon Shoppe.
  4257 | D:5      | Reached skill level 3 in Invocations
  4334 | D:5      | Reached * piety under Hepliaklqana
  4528 | D:5      | Reached XP level 8. HP: 44/54 MP: 12/12
  5125 | D:6      | Noticed Maggie
  5484 | D:6      | Killed Maggie
  5485 | D:6      | Reached skill level 4 in Invocations
  5746 | D:6      | Reached XP level 9. HP: 39/59 MP: 14/14
  5909 | D:6      | Got Sif Muna's Notes on Peregrination
  5913 | D:6      | Learned a level 2 spell: Blink
  6359 | D:6      | Noticed Duvessa
  6360 | D:6      | Noticed Dowan
  6375 | D:6      | Killed Duvessa
  6389 | D:6      | Killed Dowan
  6390 | D:6      | Reached skill level 5 in Fighting
  6390 | D:6      | Reached skill level 5 in Dodging
  6552 | D:7      | Reached ** piety under Hepliaklqana
  6553 | D:7      | Remembered your ancestor Sinnashi as a battlemage
  6579 | D:7      | Reached skill level 5 in Stealth
  6915 | D:7      | Found Tixach Ovoh's Antique Armour Shop.
  6933 | D:7      | Reached skill level 5 in Invocations
  7460 | D:7      | Noticed Pikel
  7478 | D:7      | Killed Pikel
  7479 | D:7      | Reached XP level 10. HP: 31/68 MP: 17/17
  7642 | D:7      | Found a blossoming altar of Fedhas.
  7646 | D:7      | Reached skill level 5 in Short Blades
  7646 | D:7      | Reached skill level 5 in Long Blades
  7646 | D:7      | Reached skill level 5 in Axes
  7646 | D:7      | Reached skill level 5 in Maces & Flails
  7646 | D:7      | Reached skill level 5 in Polearms
  7646 | D:7      | Reached skill level 5 in Staves
  7646 | D:7      | Reached skill level 5 in Ranged Weapons
  7646 | D:7      | Reached skill level 5 in Throwing
  7646 | D:7      | Reached skill level 5 in Shields
  7646 | D:7      | Reached skill level 5 in Unarmed Combat
  7646 | D:7      | Reached skill level 5 in Spellcasting
  8129 | D:8      | Noticed Grum
  8270 | D:8      | Killed Grum
  8469 | D:8      | Noticed Joseph
  8485 | D:8      | Killed Joseph
  8709 | D:8      | Reached skill level 6 in Invocations
  8964 | D:9      | Found an ancient bone altar of Kikubaaqudgha.
  9255 | D:9      | Noticed a two-headed ogre
  9256 | D:9      | Noticed a deep elf pyromancer
  9256 | D:9      | Noticed a centaur warrior
  9264 | D:9      | Killed a two-headed ogre
  9372 | D:9      | Noticed a two-headed ogre
  9374 | D:9      | Found a staircase to the Lair.
  9413 | D:9      | Killed a two-headed ogre
  9414 | D:9      | Reached skill level 5 in Conjurations
  9414 | D:9      | Reached skill level 5 in Hexes
  9414 | D:9      | Reached skill level 5 in Summonings
  9414 | D:9      | Reached skill level 5 in Necromancy
  9414 | D:9      | Reached skill level 5 in Translocations
  9414 | D:9      | Reached skill level 5 in Transmutations
  9414 | D:9      | Reached skill level 5 in Fire Magic
  9414 | D:9      | Reached skill level 5 in Ice Magic
  9414 | D:9      | Reached skill level 5 in Air Magic
  9414 | D:9      | Reached skill level 5 in Earth Magic
  9414 | D:9      | Reached skill level 5 in Poison Magic
  9414 | D:9      | Reached skill level 5 in Shapeshifting
  9414 | D:9      | Reached XP level 11. HP: 32/74 MP: 18/20
  9552 | D:9      | Noticed a white ugly thing
  9553 | D:9      | Noticed a centaur warrior
  9585 | D:9      | Noticed a deep elf pyromancer
  9598 | D:9      | Noticed a centaur warrior
  9702 | D:9      | Found a radiant altar of Vehumet.
  9702 | D:9      | Found a burning altar of Makhleb.
  9822 | D:9      | Noticed a two-headed ogre
  9903 | D:9      | Killed a two-headed ogre
 10303 | D:9      | Reached *** piety under Hepliaklqana
 10404 | D:10     | Entered Level 10 of the Dungeon
 10616 | D:8      | Learned a level 1 spell: Sandblast
 10777 | D:10     | Noticed a cyclops
 10783 | D:10     | Killed a cyclops
 10784 | D:10     | Reached skill level 7 in Invocations
 11870 | D:10     | Noticed a two-headed ogre
 11878 | D:10     | Killed a two-headed ogre
 12061 | D:10     | Found a staircase to the Orcish Mines.
 12224 | D:11     | Noticed a cyclops
 12291 | D:11     | Noticed a cyclops
 12298 | D:11     | Killed a cyclops
 12342 | D:11     | Killed a cyclops
 12409 | D:11     | Reached XP level 12. HP: 27/81 MP: 10/22
 12923 | D:12     | Noticed Josephine
 12936 | D:12     | Killed Josephine
 13129 | D:12     | Noticed a two-headed ogre
 13135 | D:12     | Killed a two-headed ogre
 13136 | D:12     | Reached skill level 8 in Invocations
 13196 | D:12     | Reached **** piety under Hepliaklqana
 13347 | D:12     | Reached skill level 10 in Evocations
 13485 | D:12     | Found Byenusim's CLEARANCE SALE!.
 14021 | Lair:1   | Entered Level 1 of the Lair of Beasts
 14115 | Lair:1   | Found a frozen archway.
 14124 | IceCv    | Entered an ice cave
 15120 | IceCv    | Noticed a death yak
 15154 | IceCv    | Killed a death yak
 15278 | IceCv    | Reached XP level 13. HP: 85/89 MP: 24/24
 15716 | IceCv    | Reached skill level 9 in Invocations
 16857 | Lair:1   | Reached ***** piety under Hepliaklqana
 17011 | Lair:2   | Found a gate leading to a gauntlet.
 17020 | Gauntlet | Entered a Gauntlet
 17020 | Gauntlet | Found a transporter.
 17020 | Gauntlet | Found a transporter.
 17020 | Gauntlet | Found a transporter.
 17113 | Gauntlet | Found a transporter.
 17123 | Gauntlet | Found a transporter.
 17127 | Gauntlet | Found a transporter.
 17143 | Gauntlet | Found a transporter.
 17181 | Gauntlet | Found a transporter.
 17181 | Gauntlet | Found a transporter.
 17223 | Gauntlet | Found a transporter.
 17227 | Gauntlet | Found a transporter.
 17239 | Gauntlet | Found a transporter.
 17254 | Gauntlet | Identified the +4 flail "Bacras" {distort, rF- rC+ Dex+4}
 17254 | Gauntlet | Noticed a minotaur
 17593 | Gauntlet | Identified the ring of Welo {rF+ rC+ MP+9}
 17754 | Gauntlet | Identified the +0 pair of boots "Fiucef" {Str-2 Int+6 SInv}
 17767 | Gauntlet | Identified the +5 chain mail of Uciggurr {rN+++ Int+5}
 17816 | Gauntlet | Killed a minotaur
 17820 | Gauntlet | Identified the +1 helmet of the Devil's Advocate {Slay+2}
 17842 | Gauntlet | Got Adieroat's Tome of Position
 17846 | Gauntlet | Identified the +0 acid dragon scales of the Leaf {rCorr
                  | Str+3 Dex+3}
 17907 | Gauntlet | Learned a level 4 spell: Summon Ice Beast
 17913 | Gauntlet | Learned a level 5 spell: Yara's Violent Unravelling
 17965 | Lair:2   | Identified the staff "Ixtoita" {rPois Str+4 Poison}
 18068 | Lair:2   | Found a burning altar of Makhleb.
 18525 | Lair:2   | Found a staircase to the Snake Pit.
 18531 | Lair:2   | Reached skill level 10 in Armour
 18623 | Lair:2   | Found a staircase to the Swamp.
 19130 | Lair:3   | Noticed Amaemon
 19132 | Lair:3   | Noticed Urug
 19205 | Lair:3   | Killed Amaemon
 19531 | Lair:2   | Reached XP level 14. HP: 68/97 MP: 27/27
 19971 | Lair:3   | Killed Urug
 20408 | Lair:3   | Reached skill level 10 in Invocations
 20984 | Lair:3   | Noticed Gastronok
 20989 | Lair:3   | Found a transporter.
 21001 | Lair:3   | Killed Gastronok
 21031 | Lair:3   | Found a bloodstained altar of Trog.
 21031 | Lair:3   | Noticed Unforgiven's ghost (journeyman DgFi)
 21082 | Lair:3   | Found a transporter.
 21474 | Lair:4   | Noticed Snorg
 21700 | Lair:4   | Killed Snorg
 22274 | Lair:4   | Found a transporter.
 22274 | Lair:4   | Noticed Udghoil's ghost (journeyman SpHu)
 22728 | Lair:4   | Noticed Sonja
 22762 | Lair:4   | HP: 3/98 [Sonja/+2 short sword of distortion (3)]
 23055 | Lair:4   | Reached skill level 10 in Fighting
 23055 | Lair:4   | Reached skill level 10 in Dodging
 23668 | Lair:4   | Found a transporter.
 23702 | Lair:4   | Found a staircase to the Slime Pits.
 23705 | Lair:4   | Found a viscous altar of Jiyva.
 24072 | Lair:4   | Killed Sonja
 24073 | Lair:4   | Reached skill level 10 in Stealth
 24229 | Lair:4   | Found a transporter.
 24249 | Lair:4   | Found a staircase to the Slime Pits.
 24250 | Lair:4   | Found a viscous altar of Jiyva.
 24259 | Lair:4   | Found a transporter.
 24819 | Lair:4   | Killed Udghoil's ghost
 25216 | Lair:5   | Entered Level 5 of the Lair of Beasts
 26470 | Lair:3   | Reached XP level 15. HP: 103/103 MP: 28/28
 26936 | Lair:3   | Killed Unforgiven's ghost
 27334 | Lair:5   | Reached skill level 10 in Short Blades
 27334 | Lair:5   | Reached skill level 10 in Long Blades
 27334 | Lair:5   | Reached skill level 10 in Axes
 27334 | Lair:5   | Reached skill level 10 in Maces & Flails
 27334 | Lair:5   | Reached skill level 10 in Polearms
 27334 | Lair:5   | Reached skill level 10 in Staves
 27334 | Lair:5   | Reached skill level 10 in Ranged Weapons
 27334 | Lair:5   | Reached skill level 10 in Throwing
 27334 | Lair:5   | Reached skill level 10 in Shields
 27334 | Lair:5   | Reached skill level 10 in Unarmed Combat
 27334 | Lair:5   | Reached skill level 10 in Spellcasting
 27428 | Lair:5   | Reached ****** piety under Hepliaklqana
 27430 | Lair:5   | Found an iron altar of Okawaru.
 28008 | Lair:5   | Reached skill level 11 in Invocations
 28626 | Orc:1    | Entered Level 1 of the Orcish Mines
 29022 | Orc:2    | Entered Level 2 of the Orcish Mines
 29022 | Orc:2    | Found Lixohawk's Weapon Shop.
 29022 | Orc:2    | Found Xolymp's Magic Scroll Boutique.
 29350 | Orc:2    | Found Lenexum's Assorted Antiques.
 30666 | Orc:2    | Bought a scroll of blinking for 135 gold pieces
 30666 | Orc:2    | Bought a scroll of teleportation for 54 gold pieces
 30669 | Orc:2    | Found Cesket's Magic Scroll Shop.
 30695 | Orc:2    | Found Natsakk's Magic Scroll Shop.
 30726 | Orc:2    | Found Telux's Antique Armour Boutique.
 30732 | Orc:2    | Found Ypathriu's Jewellery Shoppe.
 30746 | Orc:2    | Found Mahoti's General Store.
 30792 | Orc:2    | Bought a scroll labelled XYIFERCH BAODEV for 22 gold pieces
 30812 | Orc:2    | Found a staircase to the Elven Halls.
 30953 | Orc:2    | Bought a scroll of identify for 20 gold pieces
 32370 | D:13     | Reached XP level 16. HP: 100/112 MP: 30/30
 33635 | D:14     | Found a hazy altar of Hepliaklqana.
 33951 | D:14     | Found a gate to the Vaults.
 34008 | D:15     | Entered Level 15 of the Dungeon
 34826 | D:15     | Found a staircase to the Depths.
 34848 | D:15     | Reached skill level 12 in Invocations
 34888 | D:15     | Got the Meditations on Kinetic Malediction
 35878 | Snake:1  | Entered Level 1 of the Snake Pit
 38957 | Snake:2  | Reached XP level 17. HP: 119/119 MP: 32/32
 39600 | Snake:3  | Learned a level 6 spell: Plasma Beam
 39606 | Snake:3  | Learned a level 5 spell: Freezing Cloud
 41267 | Snake:3  | Reached skill level 10 in Conjurations
 41267 | Snake:3  | Reached skill level 10 in Hexes
 41267 | Snake:3  | Reached skill level 10 in Summonings
 41267 | Snake:3  | Reached skill level 10 in Necromancy
 41267 | Snake:3  | Reached skill level 10 in Translocations
 41267 | Snake:3  | Reached skill level 10 in Transmutations
 41267 | Snake:3  | Reached skill level 10 in Fire Magic
 41267 | Snake:3  | Reached skill level 10 in Ice Magic
 41267 | Snake:3  | Reached skill level 10 in Air Magic
 41267 | Snake:3  | Reached skill level 10 in Earth Magic
 41267 | Snake:3  | Reached skill level 10 in Poison Magic
 41267 | Snake:3  | Reached skill level 10 in Shapeshifting
 42028 | Snake:3  | Found Bupp's Book Shop.
 42029 | Snake:3  | Found Deek's Jewellery Shoppe.
 42030 | Snake:3  | Found Mufukk's Book Shop.
 42038 | Snake:3  | Bought the ring of Jefaghit {rElec rF+ rCorr Str+6} for 915
                  | gold pieces
 42470 | Snake:4  | Entered Level 4 of the Snake Pit
 42473 | Snake:4  | Noticed Aizul
 42740 | Snake:3  | Killed Aizul
 43551 | Snake:4  | Found Cuqaf's Self-Improvement Boutique.
 44338 | Snake:4  | Reached skill level 13 in Invocations
 46164 | Snake:4  | Noticed Vashnia
 47073 | Snake:4  | Reached XP level 18. HP: 112/126 MP: 34/34
 47393 | Snake:4  | Killed Vashnia
 48087 | Snake:4  | Got a serpentine rune of Zot
 48096 | Snake:4  | Identified the +4 dagger of the Bespelling Fox {flame, MP+9
                  | Int+3 Dex+3}
 48227 | Swamp:1  | Entered Level 1 of the Swamp
 48514 | Swamp:1  | Noticed Kirke
 48526 | Swamp:1  | Killed Kirke
 50719 | Swamp:2  | Identified the +8 hand axe of Haqeygg {heavy, Will+++
                  | Str-4}
 50751 | Swamp:2  | Learned a level 4 spell: Iskenderun's Mystic Blast
 51824 | Swamp:3  | Found a basalt altar of Yredelemnul.
 51893 | Swamp:3  | Noticed Donald
 51900 | Swamp:3  | Killed Donald
 51903 | Swamp:3  | Noticed Bai Suzhen
 52111 | Swamp:3  | Killed Bai Suzhen
 52415 | Swamp:4  | Entered Level 4 of the Swamp
 52694 | Swamp:4  | Reached skill level 14 in Invocations
 52764 | Swamp:4  | HP: 6/128 [seven-headed hydra (10)]
 54361 | Swamp:4  | Reached XP level 19. HP: 127/134 MP: 36/36
 55293 | Swamp:4  | Found a blossoming altar of Fedhas.
 55497 | Swamp:4  | Paralysed by a hornet for 3 turns
 55789 | Swamp:4  | Got a decaying rune of Zot
 55809 | Swamp:4  | Found a basalt altar of Yredelemnul.
 56155 | Vaults:1 | Entered Level 1 of the Vaults
 57370 | D:9      | Identified a scroll of acquirement
 57375 | D:9      | Got the Teachings on the Incandescent Birds
 57379 | D:9      | Identified the staff of Plague {rPois rF+ Dex+2 Poison}
 57395 | D:9      | Acquired 460 gold pieces
 57888 | Vaults:1 | Learned a level 5 spell: Borgnjor's Vile Clutch
 59195 | Vaults:1 | Reached skill level 15 in Evocations
 59495 | Vaults:1 | Reached XP level 20. HP: 116/142 MP: 37/37
 60226 | Vaults:2 | Reached skill level 15 in Invocations
 61572 | Vaults:2 | Found a staircase to the Crypt.
 62854 | Vaults:2 | Found Nept's Armour Shoppe.
 64395 | Vaults:3 | Identified the +6 chain mail "Hapynyt" {Fly Will- Int+2}
 64937 | Vaults:3 | Reached skill level 15 in Armour
 65232 | Vaults:3 | Reached XP level 21. HP: 146/149 MP: 39/39
 65979 | Vaults:3 | Paralysed by a sphinx for 4 turns
 66408 | Vaults:3 | Paralysed by a formless jellyfish for 1 turns
 68117 | Abyss:2  | Cast into level 2 of the Abyss (a wizard)
 68458 | Abyss:2  | Reached skill level 16 in Invocations
 68512 | Abyss:2  | Reached skill level 15 in Fighting
 68512 | Abyss:2  | Reached skill level 15 in Dodging
 68623 | Vaults:4 | Escaped the Abyss
 68781 | Vaults:4 | Reached skill level 15 in Stealth
 68906 | Vaults:4 | Found a runed translucent door.
 69005 | Vaults:4 | Identified the ring "Wuheyvy" {Wiz rN++}
 69569 | Vaults:5 | Entered Level 5 of the Vaults
 69886 | Elf:1    | Entered Level 1 of the Elven Halls
 69898 | Orc:2    | Paralysed by an air elemental for 1 turns
 70164 | Elf:1    | Learned a level 5 spell: Metabolic Englaciation
 70207 | Elf:1    | Reached skill level 15 in Short Blades
 70207 | Elf:1    | Reached skill level 15 in Long Blades
 70207 | Elf:1    | Reached skill level 15 in Axes
 70207 | Elf:1    | Reached skill level 15 in Maces & Flails
 70207 | Elf:1    | Reached skill level 15 in Polearms
 70207 | Elf:1    | Reached skill level 15 in Staves
 70207 | Elf:1    | Reached skill level 15 in Ranged Weapons
 70207 | Elf:1    | Reached skill level 15 in Throwing
 70207 | Elf:1    | Reached skill level 15 in Shields
 70207 | Elf:1    | Reached skill level 15 in Unarmed Combat
 70207 | Elf:1    | Reached skill level 15 in Spellcasting
 70356 | Elf:1    | Noticed Zenata
 70363 | Elf:1    | Gained mutation: You are vulnerable to heat. (rF-) [you]
 70711 | Elf:1    | Found Lores's General Store.
 70717 | Elf:1    | Found Hiler's Book Shoppe.
 70723 | Elf:1    | Reached XP level 22. HP: 93/157 MP: 41/41
 70735 | Elf:1    | Found Lemnono's Antique Armour Shoppe.
 71062 | Elf:1    | Killed Zenata
 71251 | Elf:1    | Found an ancient bone altar of Kikubaaqudgha.
 71375 | Elf:1    | Found Jenukhla's General Store.
 71455 | Elf:1    | Found Mayli's Antique Weapon Emporium.
 71818 | Elf:1    | Got Roarefon's Dissertation on Collective Attacks
 72061 | Elf:2    | Found Vicierre's Jewellery Boutique.
 72066 | Elf:2    | Found Nagac's Jewellery Boutique.
 72066 | Elf:2    | Found Odwa's Magic Scroll Shop.
 72089 | Elf:2    | Found Ogenogg's Armour Shop.
 72129 | Elf:2    | Bought a scroll of acquirement for 676 gold pieces
 72645 | Elf:2    | Found a runed translucent gate.
 72645 | Elf:2    | Found a runed translucent gate.
 72646 | Elf:2    | Found a runed translucent gate.
 73532 | Elf:3    | Entered Level 3 of the Elven Halls
 74085 | Elf:3    | Paralysed by an air elemental for 1 turns
 74879 | Abyss:2  | Cast into level 2 of the Abyss (a deep elf demonologist)
 75020 | Elf:3    | Escaped the Abyss
 75240 | Abyss:3  | Cast into level 3 of the Abyss (a deep elf sorcerer)
 75492 | Elf:3    | Escaped the Abyss
 75739 | Elf:3    | Reached skill level 17 in Invocations
 75751 | Elf:3    | Reached XP level 23. HP: 164/164 MP: 40/42
 75761 | Abyss:4  | Cast into level 4 of the Abyss (a deep elf sorcerer)
 75865 | Abyss:4  | Paralysed by accursed screaming for 1 turns
 75872 | Abyss:4  | Noticed an ancient lich
 75873 | Abyss:4  | Paralysed by accursed screaming for 1 turns
 75885 | Abyss:4  | Paralysed by accursed screaming for 1 turns
 75892 | Abyss:4  | HP: 7/164 [starcursed mass/accursed screaming (10)]
 75894 | Abyss:4  | Killed from afar by a starcursed mass

Illustrated notes

Levels and vault maps discovered:
D:1:      dpeg_arrival_pond, layout_rooms, moated_statue, kennysheep_flooded_box
D:2:      layout_rooms, serial_shops, nicolae_shop_just_a_little_nook,
          chequers_serial_rivers_room_a, minmay_circle_x
D:3:      layout_loops_corners, portal_sewer_entry_b
D:4:      layout_loops_ring, minmay_overflow_temple_hex,
          minmay_temple_entry_overgrown, chequers_hall_statues_y
D:5:      layout_loops_ring, serial_shops, nicolae_shop_gibbet_a_chance
D:6:      layout_basic, uniq_maggie, uniq_duvessa
D:7:      layout_basic, serial_shops, nicolae_shop_hallway_plus,
          kennysheep_diamond, kennysheep_generic_room_14, uniq_pikel
D:8:      layout_basic, uniq_grum, uniq_joseph
D:9:      layout_basic, grunt_temple_overflow_lords_of_destruction,
          mainiacjoe_overflow_alcove_1, david_lair_shrubbed, minivault_12
D:10:     layout_irregular_city, erik_orc_2, nzn_life_drinkers
D:11:     layout_rooms
D:12:     layout_big_octagon, nicolae_shop_clearance, uniq_josephine
D:13:     layout_layer_cave, onia_ninara_dug_in_and_dangerous
D:14:     layout_loops_ring, ximxim_vaults_locker_room, kennysheep_donut,
          nzn_hepliaklqana_mist_gate
D:15:     hangedman_depths_entry_civil_slaughter, layout_layer_cave,
          nrook_campfire
Temple:   oiseaux_autumnal_temple
Lair:1:   layout_gridlike, portal_ice_cave_entry_pillars_2
Lair:2:   minmay_lair_oklob_chamber, layout_big_grid, swamp_mist,
          dummy_snake_entry, basic_altar, gauntlet_entry_generic,
          beast_lair_carwin_10, serial_bayou_shore_b, serial_bayou_shore_a,
          lemuel_fruit_fields
Lair:3:   layout_chaotic_city, gammafunk_ghost_wrathful_warriors,
          chequers_serial_rivers_micro_c, grunt_megastairs_5,
          serial_bayou_shore_b, uniq_amaemon, uniq_gastronok, uniq_urug
Lair:4:   layout_misc_corridors, minmay_slime_entry_pillars,
          gammafunk_ghost_arena, grunt_megastairs_1, uniq_snorg, uniq_sonja
Lair:5:   grunt_lair_end_beastmaster, layout_long_grid, basic_altar
Swamp:1:  layout_basic_swamp, nicolae_swamp_little_swirl, uniq_kirke
Swamp:2:  layout_basic_swamp, evilmike_swamp_ruin_house_3,
          infiniplex_staircase_pool_2
Swamp:3:  layout_falls_marsh, lemuel_altar_in_water, uniq_donald,
          uniq_bai_suzhen
Swamp:4:  byrel_swamp_growth_death_and_undeath, layout_basic_swamp
Snake:1:  cheibrodos_snake_ritualist_ritual, layout_grid_shapes
Snake:2:  layout_gridlike, lemuel_fruit_tree, grunt_megastairs_2
Snake:3:  layout_chambers, nicolae_snake_guarding_the_ruins,
          serial_bayou_shore_b, grunt_megastairs_3, minmay_shop_grove
Snake:4:  johnstein_snake_rune_scales, layout_onion_interference,
          nicolae_snake_gridmaze_squiggle, nicolae_shop_self_help, uniq_aizul
Orc:1:    layout_diamond_mine, kennysheep_orc_chapel
Orc:2:    st_orc_open, layout_caves, serial_shops,
          nicolae_shop_temple_entry_statues_fountains, nicolae_shop_statue_plus,
          nicolae_shop_advertising_works [nicolae_subvault_shop_adworks], shop
Elf:1:    elf_arrival_002, layout_gridlike, basic_altar, serial_sigils,
          serial_sigils_hangedman_quiver, serial_sigils_hangedman_scratch,
          serial_sigils_hangedman_gut, serial_sigils_hangedman_confine,
          serial_sigils_hangedman_writhe, serial_shops, shop, shop, shop,
          nicolae_square_shop, nicolae_shop_tiny_statue_garden,
          minmay_elf_sorcery, grunt_ministairs_11, uniq_zenata
Elf:2:    nicolae_elf_blades_splatter_lattice
          [nicolae_blade_entry_hurt_lockers], layout_gridlike,
          solitary_fountain, minmay_shoptagon
Elf:3:    minmay_elf_hall_four_x, layout_geoelf_castle, serial_co_window_serial,
          co_window_paths_b, co_window_corner_a, co_window_paths_a,
          co_window_corner_a, co_window_of_opportunity_a, co_window_paths_a,
          co_window_paths_a, co_window_corner_cb, co_window_of_opportunity_b,
          co_window_cross_2, co_window_corner_b, glass_columns_a,
          glass_columns_a, glass_columns_a
Vaults:1: nicolae_vaults_three_branches, hangedman_vaults_hat, vaults_room_pool,
          nicolae_vaults_diamond_1, ontoclasm_vaults_hangar,
          nicolae_vaults_apartment_2, nicolae_vaults_ninety_degrees,
          nicolae_vaults_trapezoid_lopsided_2, nicolae_vaults_network_barrier,
          vaults_dpeg_cross, layout_vaults_big_cross
Vaults:2: nicolae_vaults_surprise_closet, vaults_standard_mumra_x,
          vaults_room_boxed, minmay_crypt_entry_skeletal_spiral,
          ontoclasm_vaults_tryst, nicolae_vaults_little_squares_6,
          nicolae_vaults_frosty_reception, nicolae_vaults_tangram_1,
          hangedman_vaults_snaps, nicolae_vaults_offset_grid_hallway_3,
          nicolae_vaults_antechamber_and_loot_room, nicolae_vaults_diamond_2,
          layout_vaults_ring, serial_shops, shop
Vaults:3: nicolae_vaults_security_offices_1, ontoclasm_vaults_ring_small,
          nicolae_vaults_weapon_check, ontoclasm_vaults_idyll,
          nicolae_vaults_storage_room_glass, nicolae_vaults_six-pack,
          nicolae_vaults_mini_display_case, nicolae_vaults_specimen_jars,
          v_rooms_5, v_misc_22, v_misc_10, v_rooms_1, layout_vaults_omnigrid
Vaults:4: vaults_room_stairs_pillars, nicolae_vaults_disjoint_gnomons,
          nicolae_vaults_oozy_zoo, nicolae_vaults_wrenched,
          hangedman_vaults_slither, grunt_vaults_twisty, v_misc_1,
          ontoclasm_vaults_decontamination, nicolae_vaults_border_crossing,
          v_misc_14, nicolae_vaults_little_squares_3,
          nicolae_vaults_circle_grid_a, layout_vaults_omnibox
Vaults:5
Abyss:4:  base: D:4, base: Swamp:4, base: Elf:1, hangedman_decor_peaks_small,
          serial_sigils_hangedman_quiver, hangedman_abyss_feature_spike,
          serial_sigils_hangedman_gut, base: D:3, doesnt_abyss_rune_brain_food,
          minivault_5, doesnt_abyss_rune_brain_food, minivault_5,
          due_exit_kobolds

Skill      XL: |  1  2  3  4  5  6  7  8  9 10 11 12 13 14 15 16 17 18 19 20 21 22 |
---------------+-------------------------------------------------------------------+-----
Invocations    | 1 2 3 4 5 6 7 8 9 10 11 12 13 14 15 16 17 | 17.0
Short Blades   | 1 2 3 4 6 7 9 10 11 12 13 14 15 | 15.7
Long Blades    | 1 2 3 4 6 7 9 10 11 12 13 14 15 | 15.7
Axes           | 1 2 3 4 6 7 9 10 11 12 13 14 15 | 15.7
Maces & Flails | 1 2 3 4 6 7 9 10 11 12 13 14 15 | 15.7
Polearms       | 1 2 3 4 6 7 9 10 11 12 13 14 15 | 15.7
Staves         | 1 2 3 4 6 7 9 10 11 12 13 14 15 | 15.7
Ranged Weapons | 1 2 3 4 6 7 9 10 11 12 13 14 15 | 15.7
Throwing       | 1 2 3 4 6 7 9 10 11 12 13 14 15 | 15.7
Shields        | 1 2 3 4 6 7 9 10 11 12 13 14 15 | 15.7
Unarmed Combat | 1 2 3 4 6 7 9 10 11 12 13 14 15 | 15.7
Spellcasting   | 1 2 3 4 6 7 9 10 11 12 13 14 15 | 15.7
Fighting       | 3 4 5 6 7 8 9 10 11 12 13 14 15 | 15.9
Dodging        | 3 4 5 6 7 8 9 10 11 12 13 14 15 | 15.9
Conjurations   | 1 2 3 4 5 6 7 8 9 10 11 12 13 | 13.3
Hexes          | 1 2 3 4 5 6 7 8 9 10 11 12 13 | 13.3
Summonings     | 1 2 3 4 5 6 7 8 9 10 11 12 13 | 13.3
Necromancy     | 1 2 3 4 5 6 7 8 9 10 11 12 13 | 13.3
Translocations | 1 2 3 4 5 6 7 8 9 10 11 12 13 | 13.3
Transmutations | 1 2 3 4 5 6 7 8 9 10 11 12 13 | 13.3
Fire Magic     | 1 2 3 4 5 6 7 8 9 10 11 12 13 | 13.3
Ice Magic      | 1 2 3 4 5 6 7 8 9 10 11 12 13 | 13.3
Air Magic      | 1 2 3 4 5 6 7 8 9 10 11 12 13 | 13.3
Earth Magic    | 1 2 3 4 5 6 7 8 9 10 11 12 13 | 13.3
Poison Magic   | 1 2 3 4 5 6 7 8 9 10 11 12 13 | 13.3
Shapeshifting  | 1 2 3 4 5 6 7 8 9 10 11 12 13 | 13.3
Stealth        | 3 4 5 6 7 8 9 10 11 12 13 14 15 | 15.9
Armour         | 5 6 7 8 9 10 11 12 13 14 15 16 | 16.3
Evocations     | 7 8 9 10 11 12 13 14 15 16 | 16.9

Action                     |  1- 3 |  4- 6 |  7- 9 | 10-12 | 13-15 | 16-18 | 19-21 | 22-24 || total
---------------------------+-------+-------+-------+-------+-------+-------+-------+-------++-------
  Melee: Club              |   134 |    37 |       |       |       |       |       |       ||   171
         Bite              |     9 |    21 |    46 |    48 |   226 |   211 |   260 |    70 ||   891
         Punch             |     1 |     3 |    10 |     7 |       |       |       |       ||    21
         Dagger            |       |   117 |   375 |   229 |       |       |       |       ||   721
         Quarterstaff      |       |       |       |   133 |  1333 |   211 |       |       ||  1677
         Demon whip        |       |       |       |       |       |  1155 |  1212 |   447 ||  2814
   Cast: Sandblast         |       |       |       |   227 |     2 |     2 |     1 |       ||   232
         Summon Ice Beast  |       |       |       |       |    49 |    24 |     6 |     5 ||    84
         Blink             |       |       |       |       |     4 |     5 |     2 |       ||    11
         Yara's Violent Un |       |       |       |       |       |    13 |    13 |    16 ||    42
         Freezing Cloud    |       |       |       |       |       |     4 |       |       ||     4
         Plasma Beam       |       |       |       |       |       |    35 |    51 |     8 ||    94
         Iskenderun's Myst |       |       |       |       |       |     1 |     6 |     1 ||     8
         Borgnjor's Vile C |       |       |       |       |       |       |   110 |    14 ||   124
         Metabolic Englaci |       |       |       |       |       |       |    10 |    23 ||    33
 Invoke: Recall Ancestor   |       |       |     1 |     5 |    10 |     5 |     6 |     5 ||    32
         Ancestor Life: Ba |       |       |     1 |       |       |       |       |       ||     1
  Evoke: Wand              |     2 |    10 |     3 |    11 |    14 |     1 |     1 |       ||    42
    Use: Scroll            |       |     4 |     4 |     5 |    12 |    10 |     6 |     4 ||    45
         Potion            |       |       |       |     1 |     5 |     9 |     2 |     6 ||    23
   Stab: Sleeping          |     3 |     7 |     2 |     2 |     7 |    21 |     3 |     3 ||    48
         Distracted        |       |       |     2 |     7 |    23 |    32 |    28 |    14 ||   106
         Held in net/web   |       |       |       |       |     1 |       |       |       ||     1
 Armour: Leather armour    |    68 |    59 |    49 |       |       |       |       |       ||   176
         Swamp dragon scal |       |       |    84 |   244 |    83 |   167 |    22 |       ||   600
         Acid dragon scale |       |       |       |       |   337 |   117 |       |       ||   454
         Chain mail        |       |       |       |       |       |     5 |   326 |   131 ||   462
  Dodge: Dodged            |   127 |   105 |   186 |   347 |   704 |   441 |   326 |   105 ||  2341
  Block: Other             |       |       |       |       |    84 |    31 |       |       ||   115
         Reflection        |       |       |       |       |     3 |    84 |    87 |    35 ||   209
         Kite shield       |       |       |       |       |       |   728 |   871 |   285 ||  1884
         Form:             |     1 |       |       |       |       |       |       |       ||     1
         Anaconda          |     1 |       |       |       |       |       |       |       ||     1

Table legend: (Time is in decaauts)
 A = Elapsed time spent in this place.
 B = Non-inter-level travel time spent in this place.
 C = Inter-level travel time spent in this place.
 D = Time resting spent in this place.
 E = Time spent auto-exploring this place.
 F = Levels seen in this place.
 G = Mean time per level.
                   A        B        C        D        E       F      G
               +--------+--------+--------+--------+--------+-----+--------+
         Total |  74652 |  69680 |   4972 |  18036 |  38778 |  47 | 1588.3 |
       Dungeon |  20330 |  17968 |   2362 |   2147 |  12645 |  15 | 1355.3 |
        Temple |     82 |     52 |     30 |      0 |     48 |   1 |   82.0 |
          Lair |  12396 |  11828 |    568 |   4476 |   5208 |   5 | 2479.2 |
         Swamp |   7977 |   7743 |    234 |   2569 |   4067 |   4 | 1994.2 |
     Snake Pit |  10858 |  10245 |    613 |   3796 |   4732 |   4 | 2714.5 |
  Orcish Mines |   2950 |   2718 |    232 |   1382 |    802 |   2 | 1475.0 |
   Elven Halls |   5107 |   4784 |    323 |    362 |   3399 |   3 | 1702.3 |
        Vaults |  11090 |  10483 |    607 |   1935 |   6692 |   5 | 2218.0 |
         Abyss |    943 |    943 |      0 |     11 |    517 |   5 |  188.6 |
         Sewer |    166 |    166 |      0 |      0 |    118 |   1 |  166.0 |
      Ice Cave |   1869 |   1869 |      0 |   1129 |    341 |   1 | 1869.0 |
      Gauntlet |    878 |    878 |      0 |    227 |    207 |   1 |  878.0 |
               +--------+--------+--------+--------+--------+-----+--------+

Top non-repeatable levels by time:
 Snake:3: 5803 daAuts
  Lair:3: 4383 daAuts
Vaults:2: 3446 daAuts
Vaults:1: 3008 daAuts
  Lair:2: 2976 daAuts
 Swamp:3: 2917 daAuts
  Lair:4: 2526 daAuts
Vaults:3: 2470 daAuts
    D:14: 2384 daAuts
 Snake:4: 2316 daAuts
 Swamp:4: 2202 daAuts
Vaults:4: 2162 daAuts
     D:9: 2087 daAuts
    D:10: 2050 daAuts
   Orc:1: 2010 daAuts
